 Dungeon Crawl Stone Soup version 0.19-a0-1861-g35def1e (webtiles) character file.

414 Amnesiac the Sneak (level 6, -5/34 HPs)
             Began as a Deep Elf Assassin on Oct 12, 2016.
             Slain by an iguana (13 damage)
             ... on level 5 of the Dungeon.
             The game lasted 00:03:48 (1378 turns).

Amnesiac the Sneak (Deep Elf Assassin)              Turns: 1378, Time: 00:03:48

Health: -5/34      AC:  4    Str: 13    XL:     6   Next: 60%
Magic:  8/8        EV: 17    Int: 16    God:
Gold:   110        SH:  0    Dex: 23    Spells: 0 memorised, 5 levels left

rFire  . . .     SeeInvis .     w - +3 dagger
rCold  . . .     Gourm    .     c - +0 robe
rNeg   . . .     Faith    .     (no shield)
rPois  .         Spirit   .     m - +0 helmet
rElec  .         Dismiss  .     d - +0 cloak
rCorr  .         Reflect  .     (no gloves)
MR     .....     Harm     .     (no boots)
Stlth  +++++.....               (no amulet)
                                (no ring)
                                (no ring)

@: mighty, agile
A: no striking features
a: no special abilities


You were on level 5 of the Dungeon.
You were hungry.

You visited 1 branch of the dungeon, and saw 5 of its levels.

You collected 110 gold pieces.

Inventory:

Hand Weapons
 b - a +0 blowgun
 w - a +3 dagger (weapon)
Missiles
 e - 5 poisoned needles
 f - 2 curare-tipped needles
 j - a throwing net (quivered)
Armour
 c - a +0 robe (worn)
 d - a +0 cloak (worn)
 m - a +0 helmet (worn)
 n - a +0 ring mail
Jewellery
 p - an uncursed ring of positive energy {unknown}
Wands
 a - a wand of iceblast (3/15)
Scrolls
 i - a scroll of magic mapping
 o - a scroll of identify
Comestibles
 g - 2 bread rations
 h - a slice of pizza
 l - a meat ration
 t - 4 chunks of flesh


   Skills:
 - Level 1.5 Fighting
 * Level 4.6 Short Blades
 * Level 4.8 Throwing
 - Level 1.2 Dodging
 + Level 6.3 Stealth


You had 5 spell levels left.
You didn't know any spells.

Dungeon Overview and Level Annotations

Branches:
Dungeon (5/15)
 Temple: D:4-7

Altars:
Cheibriados


Message History

The bullfrog zombie is severely damaged.
The centaur skeleton hits you. The bullfrog zombie misses you.
The iguana misses you.
You aren't carrying any potions.
Okay, then.
Unknown command.
You puncture the centaur skeleton!
The centaur skeleton is moderately damaged.
The centaur skeleton hits you.
* * * LOW HITPOINT WARNING * * *
The bullfrog zombie closely misses you. The iguana barely misses you.
You hit the centaur skeleton.
The centaur skeleton is heavily damaged.
The centaur skeleton hits you but does no damage.
The bullfrog zombie misses you.
You are feeling hungry.
You puncture the centaur skeleton!
The centaur skeleton is almost destroyed.
The iguana bites you!
You die...

S.♣.......#.#
$.........'.#
........†.'.#
..♣.......#.#
......n...#.#
..........#(#
.........##.#####
........##.....l##
.......##..####Z@#
......##..## ###Z##
.....##..## #.P..#
######..## #.P..#
#....l.##****#P...#
...###.........P..#
.,,* #.#########..#
,,,* #.# **#.##**
,,,**#.# *,...,,*


You could see an iguana (inner flame), a bullfrog zombie (inner flame) and a
centaur skeleton (inner flame).

Vanquished Creatures
  A necrophage (D:5)
  A water moccasin zombie (D:5)
  A bullfrog zombie (D:5)
  A centaur zombie (D:5)
  A jelly (D:5)
  A centaur skeleton (D:5)
  2 iguanas
  2 worker ants
  A hound skeleton (D:5)
  A worker ant zombie (D:5)
  2 adders
  An adder skeleton (D:5)
  A dart slug (D:4)
  A leopard gecko (D:5)
  3 giant cockroaches
  2 goblins (D:2)
  A kobold (D:2)
  A frilled lizard (D:2)
  A giant cockroach zombie (D:5)
  A jackal skeleton (D:5)
  A jackal zombie (D:5)
  A leopard gecko zombie (D:5)
  A quokka zombie (D:5)
29 creatures vanquished.

Notes
Turn   | Place    | Note
-------+----------+-------------------------------------------
     0 | D:1      | Amnesiac the Deep Elf Assassin began the quest for the Orb.
     0 | D:1      | Reached XP level 1. HP: 12/12 MP: 3/3
   221 | D:2      | Reached XP level 2. HP: 16/16 MP: 4/4
   288 | D:4      | Reached skill level 5 in Stealth
   288 | D:4      | Reached XP level 3. HP: 20/20 MP: 5/5
   378 | D:5      | Entered Level 5 of the Dungeon
   405 | D:4      | Found a snail-covered altar of Cheibriados.
   415 | D:4      | Reached XP level 4. HP: 15/25 MP: 6/6
   720 | D:5      | Reached XP level 5. HP: 29/29 MP: 7/7
  1060 | D:5      | Reached skill level 6 in Stealth
  1121 | D:5      | Reached XP level 6. HP: 30/34 MP: 8/8
  1378 | D:5      | Slain by an iguana

Vault maps used:
D:1:      lemuel_arrival_funnel
D:3:      serial_glass, glass_columns_b, glass_columns_b, first_bread,
          grunt_ministairs_8
D:4:      kennysheep_slug_shrine, minmay_misc_feat_nine_boxes, uniq_sigmund
D:5:      kennysheep_big_flooded_room, serial_undead, serial_undead_d,
          serial_undead_e, serial_undead_a, serial_undead_e, bloody_makhleb

Skill      XL: |  1  2  3  4  5 |
---------------+----------------+-----
Stealth        | 5 6 |  6.3
Short Blades   | 3 4 |  4.6
Throwing       | 3 4 |  4.8
Fighting       | |  1.5
Dodging        | |  1.2

Action                   |  1- 3 |  4- 6 || total
-------------------------+-------+-------++-------
Melee: Dagger            |    13 |   101 ||   114
 Fire: Blowgun           |    13 |     9 ||    22
  Use: Scroll            |       |     5 ||     5
       Potion            |       |     3 ||     3
 Stab: Sleeping          |     5 |     5 ||    10
  Eat: Chunk             |       |     1 ||     1
Armor: Robe              |     3 |    11 ||    14
Dodge: Dodged            |     6 |    69 ||    75
